NYP
ABERDEEN IRONBIRDS @ LOS ANGELES (NYP) ANGELS
06/25/2049
 
TOP OF THE 1ST
Aberdeen Ironbirds batting - Pitching for Los Angeles (NYP) Angels : LHP Jon Lawson
Pitching: LHP Jon Lawson
Batting: RHB Ryan Bentz 0-0: Called Strike
0-1: Ball
1-1: Ball
2-1: Bunt for hit to 5S - play at first, batter safe!
Batting: LHB Danny Schultz 0-0: Ball
1-0: Ball
Ryan Bentz steals 2nd base
2-0: Ball
3-0: Called Strike
3-1: DOUBLE (Line Drive, 78D, EV 101.9 MPH)
Ryan Bentz scores
Batting: RHB Chris McGuirk 0-0: Called Strike
0-1: Ball
1-1: SINGLE (Groundball, 56S, EV 74.4 MPH) (infield hit)
Danny Schultz to third
Batting: RHB Heihachiro Fujita 0-0: Ball
1-0: Ball
Chris McGuirk steals 2nd base
2-0: Called Strike
2-1: Ball
3-1: Foul Ball, location: 2F
3-2: Fly out, F7 (Flyball, 7, EV 87.5 MPH)
Runner from 3rd tags up, SCORES, throw by LF
Batting: RHB Luis Roman 0-0: Fly out, F8 (Flyball, 78M, EV 94.4 MPH)
Batting: LHB Chris Cohen 0-0: SINGLE (Groundball, 34S, EV 65.0 MPH) (infield hit)
Chris McGuirk to third
Batting: RHB Matt Wallace 0-0: Called Strike
0-1: Ball
1-1: Ball
2-1: Ball
3-1: Foul Ball, location: 2F
3-2: Foul Ball, location: 2F
3-2: Foul Ball, location: 2F
3-2: Fly out, F8 (Flyball, 8RM, EV 95.0 MPH)
Top of the 1st over - 2 runs, 4 hits, 0 errors, 2 left on base; Aberdeen 2 - Los Angeles (NYP) 0
BOTTOM OF THE 1ST
Los Angeles (NYP) Angels batting - Pitching for Aberdeen Ironbirds : RHP Rick Bob Van Arsdale-Undercarriage
Pitching: RHP Rick Bob Van Arsdale-Undercarriage
Batting: RHB Joe Hewitt 0-0: Foul Ball, location: 2F
0-1: Ground out U3 (Groundball, 34S, EV 89.4 MPH)
Batting: RHB Arnaud Derosiers 0-0: Ball
1-0: Fly out, F8 (Flyball, 8RD, EV 103.8 MPH)
Batting: RHB Dean LeCroy 0-0: Swinging Strike
0-1: Ball
1-1: Called Strike
1-2: Ball
2-2: Ball
3-2: Base on Balls
Batting: RHB Dan Burkhart 0-0: Called Strike
Dean LeCroy steals 2nd base
0-1: Ball
1-1: Called Strike
1-2: Foul Ball, location: 2F
1-2: Fly out, F3 (Popup, 34S, EV 72.5 MPH)
Bottom of the 1st over - 0 runs, 0 hits, 0 errors, 1 left on base; Aberdeen 2 - Los Angeles (NYP) 0
TOP OF THE 2ND
Aberdeen Ironbirds batting - Pitching for Los Angeles (NYP) Angels : LHP Jon Lawson
Batting: LHB Ivan Alvarez 0-0: Ball
1-0: Called Strike
1-1: Foul Ball, location: 2F
1-2: Ball
2-2: Fly out, F8 (Flyball, 8LD, EV 86.2 MPH)
Batting: LHB Antonio Gutierrez 0-0: Ball
1-0: Ball
2-0: SINGLE (Line Drive, 89S, EV 99.4 MPH)
Batting: RHB Ryan Bentz 0-0: Called Strike
0-1: Ball
1-1: Ball
2-1: Ball
Passed Ball!
Antonio Gutierrez to second
3-1: Base on Balls
Batting: LHB Danny Schultz 0-0: Called Strike
Antonio Gutierrez steals 3rd base
Ryan Bentz to second
0-1: 3-RUN HOME RUN (Flyball, 78XD, EV 115.0 MPH), Distance : 445 ft
Batting: RHB Chris McGuirk 0-0: Called Strike
0-1: Fly out, F9 (Flyball, 89M, EV 71.2 MPH)
Batting: RHB Heihachiro Fujita 0-0: Ball
1-0: Foul Ball, location: 2F
1-1: Ground out 6-3 (Groundball, 6, EV 95.0 MPH)
Top of the 2nd over - 3 runs, 2 hits, 0 errors, 0 left on base; Aberdeen 5 - Los Angeles (NYP) 0
BOTTOM OF THE 2ND
Los Angeles (NYP) Angels batting - Pitching for Aberdeen Ironbirds : RHP Rick Bob Van Arsdale-Undercarriage
Batting: RHB Aaron Bryant 0-0: Called Strike
0-1: Foul Ball, location: 2F
0-2: Ball
1-2: Ball
2-2: Ball
3-2: Foul Ball, location: 2F
3-2: Ground out 6-3 (Groundball, 6, EV 89.4 MPH)
Batting: LHB Bill Girton 0-0: Foul Ball, location: 2F
0-1: Swinging Strike
0-2: Foul Ball, location: 2F
0-2: Ball
1-2: Ground out 1-3 (Groundball, 34S, EV 66.2 MPH)
Batting: RHB Juan Rosa 0-0: Called Strike
0-1: Ball
1-1: Ball
2-1: Ball
3-1: Foul Ball, location: 2F
3-2: Foul Ball, location: 2F
3-2: Base on Balls
Batting: SHB Yuya Hirata 0-0: Foul Ball, location: 2F
0-1: Swinging Strike
0-2: Strikes out swinging
Bottom of the 2nd over - 0 runs, 0 hits, 0 errors, 1 left on base; Aberdeen 5 - Los Angeles (NYP) 0
TOP OF THE 3RD
Aberdeen Ironbirds batting - Pitching for Los Angeles (NYP) Angels : LHP Jon Lawson
Batting: RHB Luis Roman 0-0: Ball
1-0: Called Strike
1-1: Foul Ball, location: 2F
1-2: Ball
2-2: SINGLE (Line Drive, 7S, EV 93.1 MPH)
Pitching: RHP Victor Padilla
Batting: LHB Chris Cohen 0-0: Reached on error, E3 (Groundball, 3S, EV 94.4 MPH)
Luis Roman to second
Batting: RHB Matt Wallace 0-0: Ball
1-0: Ball
2-0: SINGLE (Groundball, 56S, EV 65.6 MPH) (infield hit)
Luis Roman to third
Chris Cohen to second
Batting: LHB Ivan Alvarez 0-0: Called Strike
0-1: SINGLE (Flyball, 78S, EV 95.6 MPH)
Luis Roman scores
Chris Cohen to third
Matt Wallace to second
Batting: LHB Antonio Gutierrez 0-0: Called Strike
0-1: Foul Ball, location: 2F
0-2: Ball
1-2: Ball
2-2: Strikes out swinging
Batting: RHB Ryan Bentz 0-0: Fielders Choice at 2nd, 5-4 (Groundball, 5, EV 88.1 MPH)
Chris Cohen scores
Matt Wallace to third
Batting: LHB Danny Schultz 0-0: Foul Ball, location: 2F
0-1: Ball
1-1: Ball
2-1: Ground out U3 (Groundball, 34S, EV 83.1 MPH)
Top of the 3rd over - 2 runs, 3 hits, 1 error, 2 left on base; Aberdeen 7 - Los Angeles (NYP) 0
BOTTOM OF THE 3RD
Los Angeles (NYP) Angels batting - Pitching for Aberdeen Ironbirds : RHP Rick Bob Van Arsdale-Undercarriage
Batting: RHB Ron Major 0-0: Foul Ball, location: 2F
0-1: Foul Ball, location: 2F
0-2: Fly out, F4 (Line Drive, 4M, EV 69.4 MPH)
Batting: RHB Joe Hewitt 0-0: Called Strike
0-1: Fly out, F9 (Flyball, 9, EV 84.4 MPH)
Batting: RHB Arnaud Derosiers 0-0: Foul Ball, location: 2F
0-1: Called Strike
0-2: Ball
1-2: Foul Ball, location: 2F
1-2: Ball
2-2: Ball
3-2: Strikes out looking
Bottom of the 3rd over - 0 runs, 0 hits, 0 errors, 0 left on base; Aberdeen 7 - Los Angeles (NYP) 0
TOP OF THE 4TH
Aberdeen Ironbirds batting - Pitching for Los Angeles (NYP) Angels : RHP Victor Padilla
Batting: RHB Chris McGuirk 0-0: Ball
1-0: Ball
2-0: Ball
3-0: Base on Balls
Batting: RHB Heihachiro Fujita 0-0: Ball
1-0: Foul Ball, location: 2F
1-1: Ball
2-1: Called Strike
2-2: Ground out 4-3 (Groundball, 4M, EV 103.1 MPH)
Chris McGuirk to second
Batting: RHB Luis Roman 0-0: Ball
1-0: Ground out 5-3 (Groundball, 56, EV 105.0 MPH)
Batting: LHB Chris Cohen 0-0: Called Strike
0-1: Ball
1-1: Foul Ball, location: 2F
1-2: Ball
2-2: Ball
3-2: Strikes out looking
Top of the 4th over - 0 runs, 0 hits, 0 errors, 1 left on base; Aberdeen 7 - Los Angeles (NYP) 0
BOTTOM OF THE 4TH
Los Angeles (NYP) Angels batting - Pitching for Aberdeen Ironbirds : RHP Rick Bob Van Arsdale-Undercarriage
Batting: RHB Dean LeCroy 0-0: SINGLE (Line Drive, 78S, EV 110.0 MPH)
Batting: RHB Dan Burkhart 0-0: Ball
1-0: Swinging Strike
1-1: Called Strike
1-2: Foul Ball, location: 2F
1-2: Ball
2-2: Fielders Choice at 2nd, 4-6 (Groundball, 4, EV 101.9 MPH)
Batting: RHB Aaron Bryant 0-0: Called Strike
0-1: Ball
1-1: SINGLE (Groundball, 34D, EV 110.0 MPH)
Dan Burkhart to second
Runner from 2nd tries for 3rd, SAFE, throw by RF made to third
Batting: LHB Bill Girton 0-0: Called Strike
0-1: Foul Ball, location: 2F
0-2: Ball
1-2: Ball
2-2: Ball
3-2: Base on Balls
Aaron Bryant to second
Batting: RHB Juan Rosa 0-0: Called Strike
0-1: Fly out, F8 (Flyball, 8RD, EV 95.0 MPH)
Runner from 3rd tags up, OUT at HOME! 8-2
Bottom of the 4th over - 0 runs, 2 hits, 0 errors, 2 left on base; Aberdeen 7 - Los Angeles (NYP) 0
TOP OF THE 5TH
Aberdeen Ironbirds batting - Pitching for Los Angeles (NYP) Angels : RHP Victor Padilla
Batting: RHB Matt Wallace 0-0: Ball
1-0: Called Strike
1-1: Swinging Strike
1-2: Fly out, F7 (Flyball, 78D, EV 106.2 MPH)
Batting: LHB Ivan Alvarez 0-0: Ball
1-0: Ground out 6-3 (Groundball, 6, EV 79.4 MPH)
Batting: LHB Antonio Gutierrez 0-0: Called Strike
0-1: Ball
1-1: Ball
2-1: Ball
3-1: SINGLE (Groundball, 34S, EV 65.0 MPH) (infield hit)
Batting: RHB Ryan Bentz 0-0: Ball
Antonio Gutierrez steals 2nd, throwing error, E2
Antonio Gutierrez to third
1-0: Ball
2-0: Foul Ball, location: 2F
2-1: Fly out, F6 (Popup, 6, EV 63.1 MPH)
Top of the 5th over - 0 runs, 1 hit, 1 error, 1 left on base; Aberdeen 7 - Los Angeles (NYP) 0
BOTTOM OF THE 5TH
Los Angeles (NYP) Angels batting - Pitching for Aberdeen Ironbirds : RHP Rick Bob Van Arsdale-Undercarriage
Batting: SHB Yuya Hirata 0-0: DOUBLE (Groundball, 3L, EV 95.6 MPH)
Batting: RHB Ron Major 0-0: Ball
1-0: Foul Ball, location: 2F
1-1: Swinging Strike
1-2: Ground out 6-3 (Groundball, 6, EV 103.8 MPH)
Batting: RHB Joe Hewitt 0-0: Fly out, F9 (Flyball, 9, EV 90.0 MPH)
Batting: RHB Arnaud Derosiers 0-0: Called Strike
0-1: SINGLE (Line Drive, 4M, EV 94.4 MPH)
Yuya Hirata to third
Runner from 3rd tries for Home, SAFE, throw by CF to home
Batting: RHB Dean LeCroy 0-0: Called Strike
0-1: Ball
1-1: Foul Ball, location: 2F
1-2: Strikes out swinging
Bottom of the 5th over - 1 run, 2 hits, 0 errors, 1 left on base; Aberdeen 7 - Los Angeles (NYP) 1
TOP OF THE 6TH
Aberdeen Ironbirds batting - Pitching for Los Angeles (NYP) Angels : RHP Victor Padilla
Batting: LHB Danny Schultz 0-0: Called Strike
0-1: Ball
1-1: Ball
2-1: Ball
3-1: Base on Balls
Batting: RHB Chris McGuirk 0-0: Foul Ball, location: 2F
0-1: Ball
1-1: Foul Ball, location: 2F
1-2: Strikes out looking
Pitching: LHP Yee Koh
Batting: RHB Heihachiro Fujita 0-0: Called Strike
0-1: Swinging Strike
0-2: Ground out 6-3 (Groundball, 6, EV 78.8 MPH)
Danny Schultz to second
Batting: RHB Luis Roman 0-0: Ball
1-0: DOUBLE (Flyball, 89D, EV 98.8 MPH)
Danny Schultz scores
Batting: LHB Chris Cohen 0-0: Swinging Strike
0-1: Swinging Strike
0-2: Strikes out swinging
Top of the 6th over - 1 run, 1 hit, 0 errors, 1 left on base; Aberdeen 8 - Los Angeles (NYP) 1
BOTTOM OF THE 6TH
Los Angeles (NYP) Angels batting - Pitching for Aberdeen Ironbirds : RHP Rick Bob Van Arsdale-Undercarriage
Batting: RHB Dan Burkhart 0-0: Ball
1-0: Ground out 6-3 (Groundball, 6M, EV 81.9 MPH)
Batting: RHB Aaron Bryant 0-0: Called Strike
0-1: Ball
1-1: Foul Ball, location: 2F
1-2: Strikes out swinging
Batting: LHB Bill Girton 0-0: Ball
1-0: Called Strike
1-1: Ball
2-1: Called Strike
2-2: Fly out, F7 (Flyball, 7LMF, EV 94.4 MPH)
Bottom of the 6th over - 0 runs, 0 hits, 0 errors, 0 left on base; Aberdeen 8 - Los Angeles (NYP) 1
TOP OF THE 7TH
Aberdeen Ironbirds batting - Pitching for Los Angeles (NYP) Angels : LHP Yee Koh
Batting: RHB Matt Wallace 0-0: Ball
1-0: Called Strike
1-1: Called Strike
1-2: Foul Ball, location: 2F
1-2: Ball
2-2: Strikes out swinging
Batting: LHB Ivan Alvarez 0-0: Swinging Strike
0-1: Called Strike
0-2: Ball
1-2: Ball
2-2: Ball
3-2: Strikes out swinging
Batting: LHB Antonio Gutierrez 0-0: Swinging Strike
0-1: Foul Ball, location: 2F
0-2: Ball
1-2: DOUBLE (Line Drive, 89D, EV 111.9 MPH)
Batting: RHB Ryan Bentz 0-0: Called Strike
0-1: Ground out U3 (Groundball, 34, EV 83.1 MPH)
Top of the 7th over - 0 runs, 1 hit, 0 errors, 1 left on base; Aberdeen 8 - Los Angeles (NYP) 1
BOTTOM OF THE 7TH
Los Angeles (NYP) Angels batting - Pitching for Aberdeen Ironbirds : RHP Rick Bob Van Arsdale-Undercarriage
Batting: RHB Juan Rosa 0-0: Ball
1-0: Ball
2-0: Called Strike
2-1: Foul Ball, location: 2F
2-2: Ball
3-2: Foul Ball, location: 2F
3-2: Foul Ball, location: 2F
3-2: Fly out, F7 (Flyball, 7, EV 88.8 MPH)
Batting: SHB Yuya Hirata 0-0: Ground out 4-3 (Groundball, 34, EV 85.6 MPH)
Batting: RHB Ron Major 0-0: Ball
1-0: Called Strike
1-1: Ground out 5-3 (Groundball, 56S, EV 83.8 MPH)
Bottom of the 7th over - 0 runs, 0 hits, 0 errors, 0 left on base; Aberdeen 8 - Los Angeles (NYP) 1
TOP OF THE 8TH
Aberdeen Ironbirds batting - Pitching for Los Angeles (NYP) Angels : LHP Yee Koh
Batting: LHB Danny Schultz 0-0: Ball
1-0: Ball
2-0: Called Strike
2-1: Ball
3-1: Fly out, F4 (Popup, 4, EV 76.9 MPH)
Batting: RHB Chris McGuirk 0-0: Called Strike
0-1: Swinging Strike
0-2: Ball
1-2: Ball
2-2: Foul Ball, location: 2F
2-2: Strikes out looking
Batting: RHB Heihachiro Fujita 0-0: Swinging Strike
0-1: Foul Ball, location: 2F
0-2: Ground out U3 (Groundball, 34S, EV 83.8 MPH)
Top of the 8th over - 0 runs, 0 hits, 0 errors, 0 left on base; Aberdeen 8 - Los Angeles (NYP) 1
BOTTOM OF THE 8TH
Los Angeles (NYP) Angels batting - Pitching for Aberdeen Ironbirds : RHP Rick Bob Van Arsdale-Undercarriage
Pitching: RHP Andrew Telles
Batting: RHB Joe Hewitt 0-0: Ground out 6-3 (Groundball, 6, EV 91.2 MPH)
Pinch Hitting: RHB Dan Thomey 0-0: Ground out 5-3 (Groundball, 56, EV 85.6 MPH)
Batting: RHB Dean LeCroy 0-0: SINGLE (Line Drive, 89S, EV 93.1 MPH)
Batting: RHB Dan Burkhart 0-0: Ball
1-0: Ball
2-0: Swinging Strike
2-1: Called Strike
2-2: Foul Ball, location: 2F
2-2: Strikes out swinging
Bottom of the 8th over - 0 runs, 1 hit, 0 errors, 1 left on base; Aberdeen 8 - Los Angeles (NYP) 1
TOP OF THE 9TH
Aberdeen Ironbirds batting - Pitching for Los Angeles (NYP) Angels : LHP Yee Koh
Now at 1B: Dan Thomey
Batting: RHB Luis Roman 0-0: Ball
1-0: Foul Ball, location: 2F
1-1: Called Strike
1-2: Ball
2-2: Ball
3-2: Foul Ball, location: 2F
3-2: Foul Ball, location: 2F
3-2: Foul Ball, location: 2F
3-2: Base on Balls
Batting: LHB Chris Cohen 0-0: Called Strike
0-1: Foul Ball, location: 2F
0-2: Ball
1-2: Ball
2-2: Ball
3-2: Base on Balls
Luis Roman to second
Pitching: RHP Troy Ingram
Batting: RHB Matt Wallace 0-0: Ground out 5-3 (Groundball, 56S, EV 62.5 MPH)
Luis Roman to third
Chris Cohen to second
Batting: LHB Ivan Alvarez 0-0: Foul Ball, location: 2F
0-1: Called Strike
0-2: Strikes out swinging
Batting: LHB Antonio Gutierrez 0-0: Called Strike
0-1: Foul Ball, location: 2F
0-2: Ball
1-2: Fly out, F6 (Line Drive, 6, EV 66.9 MPH)
Top of the 9th over - 0 runs, 0 hits, 0 errors, 2 left on base; Aberdeen 8 - Los Angeles (NYP) 1
BOTTOM OF THE 9TH
Los Angeles (NYP) Angels batting - Pitching for Aberdeen Ironbirds : RHP Andrew Telles
Batting: RHB Aaron Bryant 0-0: Ball
1-0: Called Strike
1-1: Swinging Strike
1-2: Ball
2-2: Ball
3-2: Strikes out swinging
Batting: LHB Bill Girton 0-0: Called Strike
0-1: Foul Ball, location: 2F
0-2: Ball
1-2: SINGLE (Line Drive, 9S, EV 105.6 MPH)
Batting: RHB Juan Rosa 0-0: Ball
1-0: Foul Ball, location: 2F
1-1: Foul Ball, location: 2F
1-2: Ball
2-2: Ball
3-2: Foul Ball, location: 2F
3-2: Strikes out swinging
Batting: SHB Yuya Hirata 0-0: Called Strike
0-1: Ball
Passed Ball!
Bill Girton to second
1-1: Ground out 5-3 (Groundball, 6, EV 104.4 MPH)
Bottom of the 9th over - 0 runs, 1 hit, 0 errors, 1 left on base; Aberdeen 8 - Los Angeles (NYP) 1
Sunday, July 16th , 2023 - OOTP Baseball 24.6 Build 69